 Dungeon Crawl Stone Soup version 0.22-a0-368-g870eee8 (webtiles) character file.

262 Amnesiac the Ducker (level 5, -2/41 HPs)
             Began as a Mummy Wizard on Apr 23, 2018.
             Shot with an arrow by a centaur (10 damage)
             ... on level 6 of the Dungeon.
             The game lasted 00:06:40 (3143 turns).

Amnesiac the Ducker (Mummy Wizard)                  Turns: 3143, Time: 00:06:41

Health: -2/41      AC:  6    Str: 10    XL:     5   Next: 97%
Magic:  19/20      EV: 14    Int: 18    God:
Gold:   137        SH:  0    Dex: 11    Spells: 1/12 levels left

rFire    x . .     SeeInvis .   k - +0 hunting sling
rCold    + . .     Gourm    .   (no shield)
rNeg     + + +     Faith    .   a - +0 robe
rPois    ∞         Spirit   .   n - +0 helmet
rElec    .         Reflect  .   (no cloak)
rCorr    .         Harm     .   i - +2 pair of gloves
MR       .....                  (no boots)
Stlth    ++........             (no amulet)
HPRegen  0.13/turn              d - ring of magical power
MPRegen  0.17/turn              h - +1 ring of evasion

@: no status effects
A: no food or potions, fire vulnerability, cold resistance 1, negative energy
resistance 3, torment resistance, unbreathing
a: no special abilities


You were on level 6 of the Dungeon.
You were not hungry.

You visited 1 branch of the dungeon, and saw 6 of its levels.

You collected 137 gold pieces.

Inventory:

Hand Weapons
 k - a +0 hunting sling (weapon)
Missiles
 m - 53 stones (quivered)
Armour
 a - a +0 robe (worn)
 i - a +2 pair of gloves (worn)
 n - a +0 helmet (worn)
Jewellery
 d - a ring of magical power (left hand)
 h - a +1 ring of evasion (right hand)
 j - an uncursed ring of ice
Scrolls
 b - a scroll of enchant armour {!r, unknown}
 c - 5 scrolls of remove curse {!r, unknown}
 e - a scroll of blinking {!r, unknown}
 f - 6 scrolls of identify {!r}
 g - 2 scrolls of enchant weapon {!r, unknown}
 l - a scroll of teleportation {!r}


   Skills:
 + Level 3.1 Fighting
 * Level 4.3 Dodging
 - Level 1.5 Stealth
 - Level 4.0 Spellcasting
 - Level 0.7 Conjurations
 - Level 0.7 Summonings
 - Level 0.7 Translocations


You had one spell level left.
You knew the following spells:

 Your Spells              Type           Power        Failure   Level  Hunger
a - Magic Dart            Conj           #...         11%         1    N/A
b - Call Imp              Summ           #.......     17%         2    N/A
e - Mephitic Cloud        Conj/Pois/Air  #.......     38%         3    N/A
s - Conjure Flame         Conj/Fire      #.......     36%         3    N/A
v - Blink                 Tloc           N/A          17%         2    N/A

Dungeon Overview and Level Annotations

Branches:
Dungeon (6/15)
 Temple: D:4-7

Altars:
Qazlal

Shops:
D:4 [


Innate Abilities, Weirdness & Mutations

You do not eat or drink.
Your flesh is vulnerable to fire.
You are immune to poison.
Your flesh is cold resistant. (rC+)
You are immune to negative energy. (rN+++)
You are immune to unholy pain and torment.
You can survive without breathing.


Message History

Okay, then.
You swap places.
m - 53 stones (gained 7)
Found a ring mail.
f - 6 scrolls of identify {!r} (gained 1)
Your white imp disappears in a puff of smoke!
You start resting.
You start resting.
Your iron imp disappears in a puff of smoke!
Your magical contamination has completely faded away.
Your crimson imp disappears in a puff of smoke!
Magic restored.
HP restored.
Found a stone staircase leading down.
An adder comes into view.
Casting: Call Imp (safe; 17% risk of failure)
Confirm with . or Enter, or press ? or * to list all spells.
Aiming: Magic Dart (safe; 11% risk of failure)
Press: ? - help, Shift-Dir - straight line, f - adder
Aim: an adder (resting)
The magic dart hits the adder.
The adder is moderately wounded.
Casting: Magic Dart (safe; 11% risk of failure)
Confirm with . or Enter, or press ? or * to list all spells.
Aiming: Magic Dart (safe; 11% risk of failure)
Press: ? - help, Shift-Dir - straight line, f/p - adder
Aim: an adder (moderately wounded)
The magic dart hits the adder.
The adder is severely wounded.
Casting: Magic Dart (safe; 11% risk of failure)
Confirm with . or Enter, or press ? or * to list all spells.
Aiming: Magic Dart (safe; 11% risk of failure)
Press: ? - help, Shift-Dir - straight line, f/p - adder
Aim: an adder (severely wounded)
The magic dart hits the adder.
You kill the adder!
Casting: Magic Dart (safe; 11% risk of failure)
Confirm with . or Enter, or press ? or * to list all spells.
You can't see any susceptible monsters within range! (Use Z to cast anyway.)
Casting: Magic Dart (safe; 11% risk of failure)
Confirm with . or Enter, or press ? or * to list all spells.
You can't see any susceptible monsters within range! (Use Z to cast anyway.)
Found a stormy altar of Qazlal.
You enter the shallow water.
Moving in this stuff is going to be slow.
There is a stone staircase leading up here.
You climb upwards.
The ogre barely misses you. The ogre misses you.
There is a stone staircase leading down here.
The orc wizard points at you and mumbles some strange words.
The puff of frost misses you. The ogre hits you with a giant club!
The orc priest hits you but does no damage.
The ogre hits you with a giant club!
* * * LOW HITPOINT WARNING * * *
You climb downwards.
There is a stone staircase leading up here.
Casting: Magic Dart (safe; 11% risk of failure)
Confirm with . or Enter, or press ? or * to list all spells.
You blink.
A centaur comes into view.
The centaur wields a shortbow.
The centaur shoots an arrow.
The arrow hits you!
* * * LOW HITPOINT WARNING * * *
You see here an arrow.
The centaur shoots an arrow.
The arrow hits you!
You die...

≈≈≈≈≈≈P≈≈<#
#.####.#####
...≈P♣≈♣#.# #.# #.#
..........###.####.#
...................#
≈≈....##.O###.######
≈≈≈≈.. #..# #.####
≈≈♣#.. #.O# ..... ♣♣
#..##.(##..##
.....[..@...#
..c.#######.# ... .#
.. #


You could see 2 ogres and a centaur.

Vanquished Creatures
  An ice beast (D:6)
  A worker ant (D:4)
  4 adders
  3 gnolls (D:4)
  A dart slug (D:1)
  2 leopard geckos
  2 orcs
  A giant cockroach (D:2)
  4 goblins
  2 hobgoblins
  A jackal (D:1)
  A quokka (D:3)
  A ball python (D:3)
  2 bats (D:2)
  2 frilled lizards
  2 kobolds (D:1)
  3 rats
33 creatures vanquished.

Vanquished Creatures (collateral kills)
  A phantom (D:4)
  2 worker ants (D:4)
  A worm (D:2)
  A rat (D:3)
5 creatures vanquished.

Grand Total: 38 creatures vanquished

Notes
Turn   | Place    | Note
-------+----------+-------------------------------------------
     0 | D:1      | Amnesiac the Mummy Wizard began the quest for the Orb.
     0 | D:1      | Reached XP level 1. HP: 13/13 MP: 5/5
   333 | D:1      | Reached XP level 2. HP: 19/20 MP: 7/7
   426 | D:2      | Learned a level 2 spell: Call Imp
   513 | D:2      | Reached skill level 1 in Fighting
   649 | D:2      | Reached XP level 3. HP: 23/26 MP: 4/8
   654 | D:2      | Learned a level 3 spell: Conjure Flame
   658 | D:2      | Learned a level 3 spell: Mephitic Cloud
   857 | D:4      | Found Orhug's Armour Emporium.
  1099 | D:5      | Entered Level 5 of the Dungeon
  1099 | D:5      | Noticed an ogre
  1101 | D:5      | Noticed an ogre
  1582 | D:4      | Reached XP level 4. HP: 33/33 MP: 7/10
  1586 | D:4      | Learned a level 2 spell: Blink
  1674 | D:4      | Noticed a phantom
  1712 | D:4      | Killed a phantom
  1712 | D:4      | Reached XP level 5. HP: 16/39 MP: 0/11
  3057 | D:5      | Noticed an ice beast
  3087 | D:6      | Killed an ice beast
  3122 | D:6      | Found a stormy altar of Qazlal.
  3141 | D:6      | Noticed a centaur
  3143 | D:6      | Shot with an arrow by a centaur

Vault maps used:
D:1:      nicolae_arrival_washed_ashore, minmay_misc_feat_doors
D:3:      first_ration
D:4:      serial_shops, nicolae_shop_crystal, corner_web_ring
D:6:      grunt_temple_overflow_open, serial_shops, shop, serial_bayou,
          serial_bayou_lagoon_a, serial_bayou_ford_a, serial_bayou_shore_a,
          serial_bayou_pond_a, lemuel_tele_altar

Skill      XL: |  1  2  3  4  5 |
---------------+----------------+-----
Dodging        | 2 3 4 |  4.3
Fighting       | 1 2 3 |  3.1
Stealth        | |  1.5
Spellcasting   | |  4.0
Conjurations   | |  0.7
Summonings     | |  0.7
Translocations | |  0.7

Action                   |  1- 3 |  4- 6 || total
-------------------------+-------+-------++-------
Melee: Unarmed           |     3 |       ||     3
 Fire: Hunting sling     |       |    14 ||    14
 Cast: Magic Dart        |    72 |    59 ||   131
       Call Imp          |     7 |    22 ||    29
       Mephitic Cloud    |     1 |       ||     1
       Blink             |       |     1 ||     1
  Use: Scroll            |       |     1 ||     1
Armor: Robe              |     6 |    16 ||    22
Dodge: Dodged            |    23 |    37 ||    60

Table legend:
 A = Spawn XP
 B = Non-spawn XP
 C = Spawn XP percentage of total XP
 D = Spawn monster count
 E = Non-spawn monster count
 F = Spawn count percentage of total count
 G = Total turns spent on level
                    A         B        C        D         E        F      G
               +---------+---------+-------+---------+---------+-------+---------
         Total |       0 |     375 |   0.0 |       0 |      38 |   0.0 |  3143
               +---------+---------+-------+---------+---------+-------+---------
           D:1 |       0 |      14 |   0.0 |       0 |       7 |   0.0 |   481
           D:2 |       0 |      31 |   0.0 |       0 |      10 |   0.0 |   390
           D:3 |       0 |      20 |   0.0 |       0 |       9 |   0.0 |   194
           D:4 |       0 |     210 |   0.0 |       0 |       9 |   0.0 |  1938
           D:5 |       0 |       3 |   0.0 |       0 |       1 |   0.0 |    67
           D:6 |       0 |      97 |   0.0 |       0 |       2 |   0.0 |    73
               +---------+---------+-------+---------+---------+-------+---------
